 Dungeon Crawl Stone Soup version 0.21.1-1-g345015f (webtiles) character file.

5 inc the Vexing (level 1, -4/7 HPs)
             Began as a Felid Enchanter on Feb 19, 2018.
             Killed from afar by Sigmund (8 damage)
             ... with a magic dart
             ... on level 2 of the Dungeon.
             The game lasted 00:01:14 (456 turns).

inc the Vexing (Felid Enchanter)                     Turns: 456, Time: 00:01:14

Health: -4/7       AC:  1    Str:  4    XL:     1   Next: 66%
Magic:  4/4        EV: 18    Int: 16    God:
Gold:   24         SH:  0    Dex: 16    Spells: 3/4 levels left
                                        Lives:  0   Deaths: 0

rFire    . . .     SeeInvis +     - Unarmed
rCold    . . .     Gourm    .   (shield unavailable)
rNeg     . . .     Faith    .   (armour unavailable)
rPois    .         Spirit   .   (helmet unavailable)
rElec    .         Reflect  .   (cloak unavailable)
rCorr    .         Harm     .   (gloves unavailable)
MR       .....                  (boots unavailable)
Stlth    +++.......             (no amulet)
HPRegen  0.02/turn              (no ring)
MPRegen  0.09/turn              (no ring)

@: quick
A: very small, no armour, no weapons or thrown items, stealth, claws 1, fangs 3,
see invisible, carnivore, speed 1, shaggy fur 1, slow metabolism 1, sharp paws
a: no special abilities


You were on level 2 of the Dungeon.
You were very full.

You visited 1 branch of the dungeon, and saw 2 of its levels.

You collected 24 gold pieces.

Inventory:

Scrolls
 d - a scroll of fear {unknown}
Potions
 c - a potion of berserk rage {unknown}
 e - a potion of agility {unknown}
Books
 a - a book of Maledictions

   Spells                             Type                      Level
   a - Corona                         Hexes                        1
   b - Ensorcelled Hibernation        Hexes/Ice                    2
   c - Confuse                        Hexes                        3
   d - Tukima's Dance                 Hexes                        3
   e - Dazzling Spray                 Conjuration/Hexes            3
Comestibles
 b - 3 rations


   Skills:
 + Level 3.0 Dodging
 + Level 4.2 Stealth
 - Level 1.0 Unarmed Combat
 - Level 2.0 Spellcasting
 - Level 4.5 Hexes


You had 3 spell levels left.
You knew the following spells:

 Your Spells              Type           Power        Failure   Level  Hunger
a - Corona                Hex            ###....      3%          1    #......


Dungeon Overview and Level Annotations

Branches:
Dungeon (1/15)

Altars:

Annotations:
D:2 Sigmund


Innate Abilities, Weirdness & Mutations

You cannot wear armour.
You are incapable of wielding weapons or throwing items.
Your paws allow you to move quietly. (Stealth)
You have sharp claws.
You have razor-sharp teeth.
You have supernaturally acute eyesight. (SInv)
You are carnivorous and can eat meat at any time.
You cover ground quickly.
You are covered in fur. (AC +1)
You have a slow metabolism.
Your sharp claws are effective at attacking unaware monsters.


Message History

Eat one of 3 chunks of flesh? (ye/n/q)
You eat one of the 3 chunks of flesh.
This raw flesh tastes great.
Eating one of 2 chunks of flesh.
You eat one of the 2 chunks of flesh.
This raw flesh tastes great.
Eating a chunk of flesh.
You eat the chunk of flesh.
This raw flesh tastes great.
Sigmund the Dreaded comes into view.
He is wielding a scythe of slicing.
Sigmund shouts!
A jackal comes into view.
You barely miss the jackal.
The jackal barks!
The jackal misses you. The jackal closely misses you.
You scratch the jackal but do no damage.
The jackal bites you. Sigmund misses you.
You barely miss the jackal. The jackal bites you.
You barely miss the jackal. The jackal misses you.
Sigmund gestures at you while chanting. The magic dart hits you!
Ouch! That really hurt!
You die...

######............#
..รท.....####..#####
######.## ##...##
#####
########.....## #...
#.............# #..#
#.######.....## #..#
##...## #..#
#..######..#
#...h@.@...#
#.#######.## #.#
.... #.# .#####
#......@# ###.....#
.....# ######


You could see Sigmund and a jackal.

Vanquished Creatures
  A giant cockroach (D:1)
  A goblin (D:2)
  A hobgoblin (D:1)
  A frilled lizard (D:2)
  A rat (D:1)
5 creatures vanquished.

Notes
Turn   | Place    | Note
-------+----------+-------------------------------------------
     0 | D:1      | inc the Felid Enchanter began the quest for the Orb.
     0 | D:1      | Reached XP level 1. HP: 7/7 MP: 4/4
   238 | D:1      | You fall through a shaft!
   438 | D:2      | Noticed Sigmund
   456 | D:2      | Killed from afar by Sigmund

Skill      XL: |  1 |
---------------+----+-----
Dodging        | 3 |  3.0
Stealth        | |  4.2
Unarmed Combat | |  1.0
Spellcasting   | |  2.0
Hexes          | |  4.5

Action                   || total
-------------------------++-------
Melee: Unarmed           ||    27
       Bite              ||     1
 Cast: Corona            ||     2
 Stab: Sleeping          ||     3
  Eat: Chunk             ||     4
Dodge: Dodged            ||    26
